 Dungeon Crawl Stone Soup version 0.18-a0-816-g97f838e (webtiles) character file.

2645 JokEr the Fighter (level 9, -13/69 HPs)
             Began as an Octopode Fighter on Dec 15, 2015.
             Was a Believer of Okawaru.
             Mangled by Erica
             ... wielding a +4 scimitar of flaming
              (16 damage)
             ... on level 8 of the Dungeon.
             The game lasted 00:14:00 (6720 turns).

JokEr the Fighter (Octopode Fighter)                Turns: 6720, Time: 00:14:00

Health: -13/69     AC:  1    Str: 18      XL:     9   Next: 62%
Magic:  0/11       EV: 12    Int: 10      God:    Okawaru [**....]
Gold:   377        SH:  9    Dex: 10 (12) Spells: 0 memorised, 8 levels left

rFire  . . .     SeeInvis .     a - +1 war axe
rCold  . . .     Clarity  .     b - +1 shield
rNeg   . . .     SustAt   .     (helmet restricted)
rPois  .         Gourm    .     t - amulet of guardian spirit
rElec  .         Spirit   +     e - ring of protection from magic
rCorr  .         Dismiss  .     n - ring of stealth
rMut   .         Stasis   .     r - +2 ring of evasion
MR     +....                    (no ring)
Stlth  +++.......               (no ring)
                                (no ring)
                                (no ring)
                                (no ring)

@: lethally poisoned (-13 -> -21), somewhat resistant to hostile enchantments,
fairly stealthy
A: almost no armour, amphibious, 8 rings, constrict 8, camouflage 1, gelatinous
body 1
a: Heroism, Renounce Religion


You were on level 8 of the Dungeon.
You worshipped Okawaru.
Okawaru was pleased with you.
You were not hungry.

You visited 2 branches of the dungeon, and saw 9 of its levels.

You collected 377 gold pieces.

Inventory:

Hand Weapons
 a - a +1 war axe (weapon)
Armour
 b - a +1 shield (worn)
Jewellery
 e - a ring of protection from magic (left tentacle)
 n - a ring of stealth (right tentacle)
 r - a +2 ring of evasion (on tentacle)
 t - an amulet of guardian spirit (around mantle)
Wands
 c - a wand of enslavement (13)
 o - a wand of digging (24)
 u - a wand of random effects (31)
 y - a wand of flame (17)
 z - a wand of magic darts (14)
Scrolls
 g - a scroll of enchant armour
 x - 2 scrolls of magic mapping
 C - a scroll of amnesia
 E - a scroll of enchant weapon
Potions
 i - a potion of cancellation {unknown}
 k - 2 potions of flight
 m - 2 potions of berserk rage {unknown}
 p - a potion of curing {unknown}
 q - 2 potions of agility {unknown}
 v - a potion of haste {unknown}
 A - a potion of ambrosia {unknown}
 F - 2 potions of lignification {unknown}
Books
 h - a Fen Folio

   Spells                             Type                      Level
   a - Corpse Rot                     Necromancy                   2
   b - Stone Arrow                    Conjuration/Earth            3
   c - Leda's Liquefaction            Hexes/Earth                  4
   d - Summon Forest                  Summoning/Translocation      5
   e - Hydra Form                     Transmutation                6
   f - Summon Hydra                   Summoning                    7
 B - a book of Air

   Spells                             Type                      Level
   a - Shock                          Conjuration/Air              1
   b - Swiftness                      Charms/Air                   2
   c - Repel Missiles                 Charms/Air                   2
   d - Static Discharge               Conjuration/Air              3
   e - Lightning Bolt                 Conjuration/Air              5
Comestibles
 d - 2 chunks of flesh
 j - 4 meat rations
 w - 8 beef jerkies
 G - 3 bread rations


   Skills:
 + Level 9.4 Fighting
 + Level 8.9 Axes
 - Level 3.0 Dodging
 - Level 3.1 Shields
 + Level 3.1 Evocations


You had 8 spell levels left.
You didn't know any spells.

Dungeon Overview and Level Annotations

Branches:
Dungeon (8/15)             Temple (1/1) D:4
   Lair: D:8-11

Altars:
Cheibriados
Dithmenos
Elyvilon
Fedhas
Gozag
Kikubaaqudgha
Makhleb
Nemelex Xobeh
Okawaru
Pakellas
Qazlal
Ru
Sif Muna
Trog
Vehumet
Xom
Yredelemnul
Zin
The Shining One

Annotations:
D:8 Erica


Innate Abilities, Weirdness & Mutations

You cannot wear most types of armour.
You are amphibious.
You can wear up to eight rings at the same time.
You can use your tentacles to constrict eight enemies at once.
Your skin changes colour to match your surroundings (Stealth).
Your rubbery body absorbs attacks (AC +1).


Message History

You completely miss something. Your squeeze misses something.
You block its attack.
You barely miss something. You squeeze something. Something hits you!
Something burns you.
You closely miss something. Something hits you!
* * * LOW HITPOINT WARNING * * *
Something burns you.
* * * LOW HITPOINT WARNING * * *
Read which item? (? for menu, Esc to quit)
Okay, then.
You closely miss something.
You hear some strange, mumbled words.
A bolt of poison appears from out of thin air!
The bolt of poison hits you!
You are poisoned.
* * * LOW HITPOINT WARNING * * *
You closely miss something. You squeeze something.
* * * LOW HITPOINT WARNING * * *
You feel sick. Something hits you!
You die... ≈. .♣ .♣ P.P

.P♣.. P♣.♣ ...♣
#♣
##♣♣♣♣♣♣♣..♣....
....?........)#
##..## #.
##...@# ##.
#..####
..#####.########
#..............
#...<..)..####
#.........#
#.....)...#
#.<.......#
#^........#


There were no monsters in sight!

Vanquished Creatures
  Pikel (D:6)
  Prince Ribbit (D:7)
  The ghost of M4edhros the Sneak, an amateur OpAr (D:5)
  Eustachio (D:4)
  Menkaure (D:4)
  A slave (D:6)
  An orc warrior (D:8)
  A sky beast (D:7)
  An ice beast (D:7)
  A black bear (D:7)
  3 ogres
  A big kobold (D:7)
  A giant frog (D:6)
  A scorpion (D:7)
  3 crimson imps (D:6)
  A quasit (D:8)
  4 hounds
  Crazy Yiuf (D:7)
  3 jellies
  3 orc wizards
  A worker ant (D:5)
  A hound skeleton (D:6)
  3 gnolls (D:7)
  9 adders
  3 shadow imps
  An ooze (D:5)
  2 adder skeletons
  5 worms
  3 giant geckos
  12 orcs
  12 bats
  3 giant cockroaches
  13 goblins
  9 hobgoblins
  7 quokkas
  3 ball pythons (D:2)
  5 giant newts
  12 kobolds
  9 rats
144 creatures vanquished.

Notes
Turn   | Place    | Note
--------------------------------------------------------------
     0 | D:1      | JokEr the Octopode Fighter began the quest for the Orb.
     0 | D:1      | Reached XP level 1. HP: 16/16 MP: 1/1
   214 | D:1      | Reached XP level 2. HP: 14/21 MP: 2/2
   829 | D:1      | Reached XP level 3. HP: 17/26 MP: 3/3
  1229 | D:2      | Found a shimmering altar of Xom.
  1523 | D:2      | Reached skill level 4 in Fighting
  1523 | D:2      | Reached XP level 4. HP: 33/33 MP: 4/4
  1585 | D:2      | Found a blossoming altar of Fedhas.
  1616 | D:2      | Found a burning altar of Makhleb.
  2492 | D:3      | Reached XP level 5. HP: 36/38 MP: 5/5
  2564 | D:3      | Found a glowing golden altar of the Shining One.
  2564 | D:3      | Found an ancient bone altar of Kikubaaqudgha.
  2603 | D:3      | Found a white marble altar of Elyvilon.
  2997 | D:4      | Noticed Eustachio
  3006 | D:4      | Killed Eustachio
  3006 | D:4      | Reached skill level 5 in Fighting
  3006 | D:4      | Reached XP level 6. HP: 43/45 MP: 6/6
  3165 | D:4      | Noticed Menkaure
  3177 | D:4      | Killed Menkaure
  3177 | D:4      | Reached skill level 5 in Axes
  3380 | D:4      | Found a staircase to the Ecumenical Temple.
  3441 | Temple   | Entered the Ecumenical Temple
  3662 | Temple   | Became a worshipper of Warmaster Okawaru
  3728 | D:4      | You fall through a shaft for 2 floors!
  3757 | D:6      | Reached XP level 7. HP: 48/51 MP: 7/7
  3822 | D:6      | Reached skill level 6 in Fighting
  3852 | D:5      | Entered Level 5 of the Dungeon
  3860 | D:5      | Noticed M4edhros's ghost (amateur OpAr)
  3867 | D:5      | Killed M4edhros's ghost
  4210 | D:4      | Reached * piety under Okawaru
  4210 | D:4      | Reached skill level 7 in Fighting
  4210 | D:4      | Reached XP level 8. HP: 36/60 MP: 8/8
  4503 | D:5      | Found a basalt altar of Yredelemnul.
  4581 | D:5      | Found a snail-covered altar of Cheibriados.
  4932 | D:6      | Noticed Pikel
  4949 | D:6      | Killed Pikel
  4949 | D:6      | Reached ** piety under Okawaru
  4949 | D:6      | Reached skill level 8 in Fighting
  5039 | D:6      | Found a sacrificial altar of Ru.
  5095 | D:6      | Reached XP level 9. HP: 61/67 MP: 7/9
  5432 | D:7      | Found an opulent altar of Gozag.
  5517 | D:7      | Found an oddly glowing altar of Pakellas.
  5773 | D:7      | Noticed Prince Ribbit
  5783 | D:7      | Killed Prince Ribbit
  5783 | D:7      | Reached skill level 9 in Fighting
  5783 | D:7      | Reached skill level 1 in Evocations
  6099 | D:7      | Noticed Crazy Yiuf
  6107 | D:7      | Killed Crazy Yiuf
  6701 | D:8      | Noticed Erica
  6720 | D:8      | HP: 3/69 [poisoned by Erica (bolt of poison)]
  6720 | D:8      | Mangled by Erica

Vault maps used:
D:1:      dpeg_arrival_pits
D:2:      lemuel_crystal_altar, old_standard_altar, old_standard_altar,
          first_bread
D:3:      lemuel_crystal_altar, amethyst_overflow_temple_binary
D:4:      temple_green, uniq_eustachio, uniq_menkaure
D:5:      slow_altar_2, yredelemnul_altar_generic
D:6:      marbit_many_paths, uniq_pikel
D:7:      grunt_pakellas_basics, lemuel_doored_altar, grunt_ogre_cave,
          hangedman_decor_diamond_cutter, uniq_crazy_yiuf_cottage,
          uniq_prince_ribbit1
D:8:      wad_woods_minihive, minmay_ruffians, uniq_erica
Temple:   hc_temple_tempest_star

Action                   |  1- 3 |  4- 6 |  7- 9 || total
-------------------------+-------+-------+-------++-------
Melee: War axe           |    63 |    74 |   177 ||   314
  Use: Scroll            |     4 |     5 |     9 ||    18
       Potion            |       |     1 |     4 ||     5
 Stab: Sleeping          |     4 |    10 |    11 ||    25
  Eat: Chunk             |     2 |     1 |     2 ||     5
       Bread ration      |       |     2 |     1 ||     3
